Map: New Repugnancy LE

Players

Inno

  • Race: Protoss Protoss
  • League: Diamond
  • Spawn Location: 1:00

Kolo - Winner!

  • Race: Terran Terran
  • League: Diamond
  • Spawn Location: 7:00

VOD

Have the link to the VOD?

Description

Time

  • Played on: Feb. 10, 2019, 5:50 p.m.
  • Length: 10:17
Show
View Real Time Build Order
Export as new Build Order

Inno Protoss 

Build Orders:  

Get SALT Encoding   

  12  0:01  Probe  
  13  0:13  Probe  
  14  0:18  Pylon  
  14  0:25  Probe  
  15  0:34  Probe  
  15  0:38  Gateway  
  15  0:42  Probe  
  17  0:51  Probe  
  17  0:52  Assimilator  
  18  0:58  Assimilator  
  18  1:03  Probe  
  19  1:12  Gateway  
  19  1:16  Probe  
  20  1:26  Cybernetics Core  
  20  1:30  Probe  
  21  1:41  Pylon  
  21  1:42  Probe  
  22  1:57  Stalker x2  
  22  2:03  Warp Gate  
  22  2:07  Probe  
  27  2:14  Pylon  
  26  2:29  Stalker  
  26  2:30  Stalker  
  31  2:37  Probe  
  31  2:49  Probe  
  29  3:33  Probe  
  30  3:45  Probe  
  31  3:57  Probe  
  30  4:08  Nexus  
  30  4:09  Probe  
  31  4:13  Pylon  
  29  4:48  Probe  
  29  4:50  Stalker x2  
  30  4:55  Robotics Facility  
  30  4:56  Pylon, Probe  
  30  4:58  Pylon  
  30  5:01  Gateway  
  30  5:02  Gateway  
  30  5:05  Probe  
  31  5:08  Shield Battery x2  
  31  5:11  Pylon  
  31  5:13  Probe  
  32  5:21  Probe, Stalker  
  35  5:24  Sentry  
  38  5:31  Probe  
  38  5:33  Twilight Council, Probe  
  39  5:39  Probe  
  39  5:41  Probe  
  40  5:49  Probe  
  42  5:51  Immortal  
  47  6:01  Assimilator  
  47  6:04  Pylon  
  47  6:05  Assimilator  
  47  6:06  Probe  
  47  6:07  Probe  
  41  6:30  Stalker x2  
  45  6:43  Probe  
  45  6:46  Observer  
  47  6:47  Probe  
  47  6:51  Probe  
  48  6:59  Probe  
  48  7:06  Probe  
  48  7:11  Probe  
  48  7:14  Probe  
  50  7:16  Charge  
  50  7:21  Templar Archives  
  51  7:23  Probe  
  51  7:24  Probe  
  53  7:35  Probe  
  54  7:43  Gateway x2  
  54  7:45  Immortal  
  58  7:58  High Templar x4  
  62  8:00  Probe x2  
  62  8:03  Archon x2  
  68  8:05  Pylon  
  68  8:12  Probe  
  69  8:13  Probe  
  69  8:16  Immortal  
  70  8:24  Probe  
  70  8:25  Probe  
  76  8:31  High Templar x2  
  76  8:34  Zealot x2  
  82  8:35  Archon  
  84  8:45  Warp Prism  
  84  8:48  Zealot x2  
  89  8:59  High Templar x2  
  93  9:03  Archon  
  93  9:22  Stalker  
  93  9:23  Zealot x3  
  101  9:30  Pylon x2  
  101  9:42  Pylon  
  101  9:43  Pylon  
Show
View Real Time Build Order
Export as new Build Order

Kolo Terran - Winner!

Build Orders: Gas First Reaper Expand 

Get SALT Encoding   

  12  0:01  SCV  
  13  0:13  SCV  
  14  0:19  Supply Depot  
  14  0:26  SCV  
  15  0:30  Refinery  
  15  0:41  SCV  
  16  0:50  Barracks  
  16  0:53  SCV  
  17  1:05  SCV  
  18  1:18  SCV  
  19  1:37  Orbital Command, Reaper  
  20  1:51  Command Center  
  20  2:04  Factory  
  20  2:06  SCV  
  21  2:10  Reaper  
  22  2:17  Refinery  
  22  2:19  SCV  
  23  2:43  Bunker  
  23  2:52  Factory Tech Lab  
  23  3:02  SCV  
  24  3:14  SCV  
  24  3:18  SCV  
  24  3:19  Cyclone  
  28  3:27  SCV  
  27  3:30  Supply Depot  
  27  3:32  Supply Depot  
  27  3:37  Orbital Command  
  27  3:39  SCV  
  27  3:43  Starport  
  27  3:46  Supply Depot  
  27  3:51  Cyclone, SCV  
  31  4:03  SCV  
  32  4:13  SCV  
  32  4:16  SCV  
  34  4:27  Liberator  
  34  4:36  SCV  
  32  4:43  SCV  
  36  4:46  Siege Tank  
  39  4:57  Barracks  
  39  4:58  SCV  
  40  5:10  SCV x2  
  45  5:22  SCV, Command Center  
  45  5:25  SCV, Engineering Bay  
  45  5:26  Engineering Bay  
  45  5:27  Refinery  
  47  5:34  Reaper  
  49  5:35  SCV  
  49  5:40  Starport Reactor  
  46  5:47  SCV, Barracks  
  46  5:48  Factory Reactor  
  47  5:51  SCV  
  47  5:53  Barracks  
  47  5:54  Barracks, Terran Infantry Weapons Level 1  
  47  5:57  Stimpack  
  48  6:04  SCV  
  49  6:06  SCV  
  50  6:11  Terran Infantry Armor Level 1  
  50  6:13  Missile Turret  
  50  6:15  Missile Turret  
  50  6:16  SCV  
  51  6:24  SCV  
  52  6:28  SCV  
  53  6:36  SCV  
  53  6:37  Orbital Command  
  56  6:40  SCV  
  56  6:44  Factory Reactor  
  55  6:47  Starport Reactor  
  55  6:48  SCV  
  55  6:52  SCV  
  57  7:00  Marine x4, SCV  
  57  7:01  Marine  
  64  7:02  Barracks Tech Lab  
  64  7:04  SCV  
  61  7:08  Barracks  
  61  7:12  SCV  
  62  7:16  Armory  
  62  7:17  Marine  
  62  7:18  Marine  
  62  7:20  Marine x2  
  62  7:21  Marine x2  
  68  7:25  Orbital Command  
  68  7:28  SCV, Supply Depot  
  69  7:33  Combat Shield, Supply Depot  
  69  7:38  Supply Depot  
  69  7:41  Refinery  
  69  7:50  Marine x4, SCV x2, Marauder  
  77  7:55  Marauder, Widow Mine, Medivac  
  83  7:59  Supply Depot  
  83  8:01  Supply Depot  
  83  8:02  SCV  
  84  8:09  SCV  
  84  8:10  SCV  
  86  8:14  Marine x3, SCV  
  86  8:15  Marauder  
  86  8:16  Barracks Tech Lab  
  92  8:22  Missile Turret  
  92  8:28  Marine  
  92  8:29  Marine  
  92  8:30  Medivac x2  
  92  8:32  SCV  
  99  8:35  Refinery  
  99  8:36  Marauder  
  99  8:39  Marine x2  
  99  8:40  Marine x2  
  99  8:41  Widow Mine x2  
  109  8:42  Concussive Shells  
  108  8:49  SCV  
  109  9:01  Supply Depot  
  109  9:03  Supply Depot  
  109  9:05  SCV  
  109  9:06  SCV, Marauder x2, Liberator x2, Supply Depot  
  102  9:12  Marine x5  
  113  9:25  SCV  
  113  9:27  Marine x2  
  113  9:28  Widow Mine x2  
  113  9:29  Marine  
  113  9:30  Marine x3, Marauder  
  127  9:45  Marine  
  124  9:46  Marauder  
  124  9:47  Marine x3  
  124  9:49  Widow Mine  
  124  9:50  Widow Mine  
  124  9:52  Marine, Marauder  
Tags
 
Add a new tag
Caveats
  • Supply blocks, unpowered buildings, or Contaminate may cause inaccurate times.
  • Supply counts are checked every 10 seconds.